[Event "WYCC 2018 G18"]
[Site "Halkidiki"]
[Date "2018.10.28"]
[Round "9"]
[White "Gillis Onieva, Celia"]
[Black "Du, Yuxin"]
[Result "1-0"]
[ECO "A40"]
[WhiteElo "1892"]
[BlackElo "2011"]
[Annotator "NA"]
[PlyCount "85"]
[EventDate "2018.10.20"]
[EventType "swiss"]
[EventCountry "GRE"]
[SourceTitle "playchess.com"]
[Source "ChessBase"]
[SourceQuality "1"]
[TimeControl "40/5400+30:1800+30"]

1. d4 Nf6 2. c4 e6 3. g3 c5 4. d5 exd5 5. cxd5 b5 6. Nf3 d6 7. e4 Ba6 8. a4 Qa5+ 9. Nfd2 b4 10. Nc4 Qc7 11. Nbd2 Nbd7 12. Bg2 O-O-O 13. O-O h5 14. h4 Ne5 15. Qc2 g6 16. Rd1 Nfd7 17. Bf1 Bb7 18. a5 Kb8 19. a6 Ba8 20. Qa4 Bg7 21. Qb5+ Nb6 22. Nxe5 Bxe5 23. Nc4 Bd4 24. Bf4 f5 25. Rac1 fxe4 26. Rxd4 Rhf8 27. Rdd1 Rxf4 28. gxf4 Qe7 29. Nxb6 axb6 30. Qxb6+ Kc8 31. Bh3+ Rd7 32. Bxd7+ Qxd7 33. a7 Qg4+ 34. Kf1 Qh3+ 35. Ke1 Qh1+ 36. Kd2 Qf3 37. Qa6+ Kc7 38. Qe2 Qxf4+ 39. Qe3 Qxh4 40. Rg1 Qf6 41. Qxe4 Qxf2+ 42. Kd3 Qxb2 43. Rxg6 1-0

[Event "WYCC 2018 G18"]
[Site "Halkidiki"]
[Date "2018.10.28"]
[Round "9"]
[White "Buchta, Agnieszka"]
[Black "Stashis, Anna"]
[Result "1/2-1/2"]
[ECO "B34"]
[WhiteElo "1879"]
[BlackElo "1979"]
[Annotator "NA"]
[PlyCount "58"]
[EventDate "2018.10.20"]
[EventType "swiss"]
[EventCountry "GRE"]
[SourceTitle "playchess.com"]
[Source "ChessBase"]
[SourceQuality "1"]
[TimeControl "40/5400+30:1800+30"]

1. e4 c5 2. Nf3 Nc6 3. d4 cxd4 4. Nxd4 Nf6 5. Nc3 e5 6. Ndb5 d6 7. Nd5 Nxd5 8. exd5 Nb8 9. a4 Be7 10. Be2 a6 11. Na3 O-O 12. O-O Nd7 13. Bd2 Nf6 14. Bb4 a5 15. Be1 Ne4 16. Nc4 f5 17. f3 Nc5 18. Bf2 Qc7 19. c3 Bd7 20. b3 Bf6 21. Na3 e4 22. Bd4 exf3 23. Bxf3 Rae8 24. Rb1 Ne4 25. Rc1 Bg5 26. Rc2 Nc5 27. Rb2 Ne4 28. Rc2 Nc5 29. Rb2 Ne4 1/2-1/2

[Event "WYCC 2018 G18"]
[Site "Halkidiki"]
[Date "2018.10.28"]
[Round "9"]
[White "Muratova, Saltanat"]
[Black "Manova, Ivana"]
[Result "0-1"]
[ECO "C88"]
[WhiteElo "1859"]
[BlackElo "1951"]
[Annotator "NA"]
[PlyCount "172"]
[EventDate "2018.10.20"]
[EventType "swiss"]
[EventCountry "GRE"]
[SourceTitle "playchess.com"]
[Source "ChessBase"]
[SourceQuality "1"]
[TimeControl "40/5400+30:1800+30"]

1. e4 e5 2. Nf3 Nc6 3. Bb5 a6 4. Ba4 Nf6 5. O-O Be7 6. Re1 b5 7. Bb3 O-O 8. d3 d6 9. Bd2 Bg4 10. c3 Na5 11. Bc2 c5 12. h3 Bd7 13. a3 Qc7 14. b4 Nc6 15. d4 cxd4 16. cxd4 Nxd4 17. Nxd4 exd4 18. Bg5 Be6 19. Nd2 Rac8 20. Rc1 Qb6 21. Nf3 Rc4 22. Bb1 h6 23. Bh4 Rxc1 24. Qxc1 Rc8 25. Qd2 Qc7 26. Qxd4 a5 27. Bd3 axb4 28. axb4 Bc4 29. Rc1 Qb7 30. Bb1 Nh5 31. Bxe7 Qxe7 32. Bd3 Nf4 33. Bf1 Qe6 34. Rd1 Be2 35. Re1 Nxh3+ 36. gxh3 Bxf3 37. Qe3 Bh5 38. Bxb5 Rb8 39. Qd3 d5 40. e5 Bg6 41. Qf1 Be4 42. f3 Bf5 43. Kh2 Bxh3 44. Qxh3 Qxh3+ 45. Kxh3 Rxb5 46. Rb1 Kf8 47. Kg4 Ke7 48. f4 Ke6 49. Rb2 d4 50. Kf3 Kd5 51. Rb1 g5 52. Rh1 Rxb4 53. Rxh6 Rb3+ 54. Kg4 gxf4 55. Kxf4 Kc4 56. Rf6 Rb1 57. Kg3 d3 58. Rd6 Kc3 59. Kf2 Rb2+ 60. Ke1 Re2+ 61. Kd1 Rxe5 62. Rf6 Rh5 63. Rc6+ Kd4 64. Rc7 f5 65. Rd7+ Ke3 66. Re7+ Kf4 67. Kd2 Rh3 68. Re8 Rf3 69. Rg8 Rg3 70. Rf8 Kg4 71. Rg8+ Kh3 72. Rf8 Kg4 73. Rg8+ Kf3 74. Rf8 f4 75. Rf7 Rg5 76. Kxd3 Rd5+ 77. Kc3 Ke3 78. Re7+ Kf2 79. Rf7 f3 80. Rf8 Ke2 81. Re8+ Kf1 82. Rf8 f2 83. Rf7 Ke2 84. Re7+ Kf3 85. Rf7+ Ke3 86. Kc4 Rd4+ {[%emt 0:00:19] Kxd4+} 0-1

[Event "WYCC 2018 G18"]
[Site "Halkidiki"]
[Date "2018.10.28"]
[Round "9"]
[White "Nguyen, Thi Minh Thu"]
[Black "Redondo Benavente, Ana"]
[Result "1-0"]
[ECO "E34"]
[WhiteElo "1849"]
[BlackElo "2055"]
[Annotator "NA"]
[PlyCount "155"]
[EventDate "2018.10.20"]
[EventType "swiss"]
[EventCountry "GRE"]
[SourceTitle "playchess.com"]
[Source "ChessBase"]
[SourceQuality "1"]
[TimeControl "40/5400+30:1800+30"]

1. d4 Nf6 2. c4 e6 3. Nc3 Bb4 4. Qc2 d5 5. e3 O-O 6. Nf3 b6 7. Bd3 dxc4 8. Bxc4 Bb7 9. O-O Nbd7 10. Rd1 Bxc3 11. bxc3 Qe7 12. a4 Rfc8 13. Ba3 Qe8 14. Qe2 Ne4 15. Rac1 a6 16. Ne1 c5 17. f3 Nef6 18. e4 b5 19. Bb3 c4 20. Bc2 e5 21. d5 Nc5 22. a5 Qd8 23. Bb4 Ncd7 24. g3 Ne8 25. Ng2 Nf8 26. Ne3 Nd6 27. f4 Ng6 28. Rf1 Rc7 29. Rcd1 Bc8 30. Nf5 Ne8 31. d6 Rca7 32. fxe5 Be6 33. Rd5 Qg5 34. Bc5 Rd7 35. Be3 Qd8 36. Bb6 Qg5 37. Kh1 h5 38. h4 Qg4 39. Qxg4 hxg4 40. Rc5 Rb8 41. Nd4 Nf8 42. Bd1 g6 43. Nxe6 Nxe6 44. Rd5 Rc8 45. Bxg4 N8g7 46. Kg2 Rf8 47. Be3 Rb7 48. d7 b4 49. Bb6 b3 50. Be2 Rd8 51. Bxd8 Nxd8 52. Bxc4 Rc7 53. Bxb3 Rxc3 54. Rf3 Rc7 55. Rd6 Nge6 56. Bxe6 fxe6 57. Rb3 Kf7 58. Rbb6 Ke7 59. Rxa6 Rc5 60. Rxe6+ Nxe6 61. Rxe6+ Kxd7 62. Rxg6 Rxa5 63. Rg5 Ke6 64. Kh3 Ra4 65. h5 Kf7 66. h6 Ra1 67. Kg4 Ra8 68. Rg7+ Kf8 69. e6 Ra4 70. Kf5 Ra1 71. e7+ Ke8 72. h7 Rf1+ 73. Kg6 Rh1 74. Rg8+ Kxe7 75. h8=Q Rg1 76. Qf6+ Kd7 77. Rg7+ Ke8 78. Qe7# 1-0

[Event "WYCC 2018 G18"]
[Site "Halkidiki"]
[Date "2018.10.28"]
[Round "9"]
[White "Perminaite, Guoda"]
[Black "Hrescak, Ivana"]
[Result "1/2-1/2"]
[ECO "B92"]
[WhiteElo "1840"]
[BlackElo "2173"]
[Annotator "NA"]
[PlyCount "115"]
[EventDate "2018.10.20"]
[EventType "swiss"]
[EventCountry "GRE"]
[SourceTitle "playchess.com"]
[Source "ChessBase"]
[SourceQuality "1"]
[TimeControl "40/5400+30:1800+30"]

1. e4 c5 2. Nf3 d6 3. d4 cxd4 4. Nxd4 Nf6 5. Nc3 a6 6. Be2 e5 7. Nf3 h6 8. a4 Be6 9. O-O Be7 10. b3 Nbd7 11. Bb2 Rc8 12. Nd2 O-O 13. a5 Nb8 14. Bc4 Nc6 15. Bxe6 fxe6 16. Nc4 Qc7 17. Re1 Rcd8 18. Qe2 Rfe8 19. Nd1 Bf8 20. f4 exf4 21. Bxf6 gxf6 22. Qg4+ Bg7 23. Qxf4 Nd4 24. Nde3 Qc5 25. Qf2 Kh8 26. Rad1 Nc6 27. Ng4 Qg5 28. h3 h5 29. Nh2 Bf8 30. Nf3 Qf4 31. c3 Be7 32. Nd4 Qxf2+ 33. Kxf2 Nxd4 34. cxd4 d5 35. exd5 exd5 36. Nb6 Bb4 37. Rxe8+ Rxe8 38. Nxd5 Bxa5 39. Nf4 Bb6 40. Kf3 Kg8 41. Nxh5 Kf7 42. Nf4 Bc7 43. d5 Bd6 44. Ne6 Rc8 45. Rd3 Be5 46. g4 b5 47. Ke4 Bd6 48. Rf3 Rh8 49. g5 Be7 50. Kf5 fxg5 51. Nxg5+ Ke8 52. Ne6 Kd7 53. Rd3 Rh5+ 54. Ke4 Rh4+ 55. Kf5 Rh5+ 56. Kg4 Rh4+ 57. Kg3 Rh5 58. Kg4 1/2-1/2

[Event "WYCC 2018 G18"]
[Site "Halkidiki"]
[Date "2018.10.28"]
[Round "9"]
[White "Manriquez Abarzua, Maria Belen"]
[Black "Simic, Anja"]
[Result "1/2-1/2"]
[ECO "B90"]
[WhiteElo "1630"]
[BlackElo "1813"]
[Annotator "NA"]
[PlyCount "87"]
[EventDate "2018.10.20"]
[EventType "swiss"]
[EventCountry "GRE"]
[SourceTitle "playchess.com"]
[Source "ChessBase"]
[SourceQuality "1"]
[TimeControl "40/5400+30:1800+30"]

1. e4 c5 2. Nf3 d6 3. d4 cxd4 4. Nxd4 Nf6 5. Nc3 a6 6. Be3 e5 7. Nb3 Be6 8. Be2 Be7 9. O-O O-O 10. f3 Nbd7 11. Qd2 b5 12. Kh1 Nb6 13. Bg1 Nc4 14. Qc1 Nd7 15. Nd5 Bxd5 16. exd5 Bg5 17. Qb1 Ne3 18. Re1 Nxd5 19. Bd3 Nf4 20. Bf1 Qc7 21. Qd1 Nc5 22. Nxc5 dxc5 23. g3 Ne6 24. Qe2 Bf6 25. c3 c4 26. Bg2 Rad8 27. Qe3 Rd3 28. Qe4 Rfd8 29. Rab1 g6 30. Bf1 R3d7 31. Bh3 Rd6 32. Bxe6 Rxe6 33. Red1 Red6 34. Re1 Qc6 35. Qxc6 Rxc6 36. Kg2 Rd2+ 37. Kf1 Rcd6 38. Re2 Rxe2 39. Kxe2 Rd3 40. Be3 Kf8 41. Ra1 Rd5 42. a4 Kg7 43. Bc1 Bd8 44. axb5 1/2-1/2

[Event "WYCC 2018 G18"]
[Site "Halkidiki"]
[Date "2018.10.28"]
[Round "9"]
[White "Yurdakul, Didem Nuray"]
[Black "Mocanu, Valeria"]
[Result "0-1"]
[ECO "C54"]
[WhiteElo "1604"]
[BlackElo "1800"]
[Annotator "NA"]
[PlyCount "82"]
[EventDate "2018.10.20"]
[EventType "swiss"]
[EventCountry "GRE"]
[SourceTitle "playchess.com"]
[Source "ChessBase"]
[SourceQuality "1"]
[TimeControl "40/5400+30:1800+30"]

1. e4 e5 2. Nf3 Nc6 3. Bc4 Bc5 4. c3 Nf6 5. d4 exd4 6. e5 d5 7. Bb5 Ne4 8. cxd4 Bb6 9. h3 O-O 10. O-O f6 11. Be3 fxe5 12. Bxc6 exd4 13. Bxd5+ Qxd5 14. Nc3 Nxc3 15. bxc3 Bxh3 16. cxd4 Rxf3 17. Qxf3 Qxf3 18. gxf3 Bxf1 19. Kxf1 Rd8 20. Rd1 Rd5 21. Ke2 h5 22. f4 Kf7 23. Kd3 Kf6 24. f3 c6 25. a3 g6 26. Ke4 Ra5 27. Bc1 Ra4 28. Ke3 Kf5 29. Bb2 Bc7 30. d5 Bxf4+ 31. Kf2 cxd5 32. Rxd5+ Ke6 33. Rd8 Rc4 34. Re8+ Kf7 35. Re2 b5 36. Be5 Bxe5 37. Rxe5 a6 38. Re3 Kf6 39. Rd3 Rc6 40. Kg3 a5 41. Rd5 Rb6 0-1

[Event "WYCC 2018 G18"]
[Site "Halkidiki"]
[Date "2018.10.28"]
[Round "9"]
[White "Ramirez Toledo, Ayleen Maribel"]
[Black "Perry, Tal"]
[Result "1-0"]
[ECO "D02"]
[WhiteElo "1545"]
[BlackElo "1702"]
[Annotator "NA"]
[PlyCount "91"]
[EventDate "2018.10.20"]
[EventType "swiss"]
[EventCountry "GRE"]
[SourceTitle "playchess.com"]
[Source "ChessBase"]
[SourceQuality "1"]
[TimeControl "40/5400+30:1800+30"]

1. Nf3 d5 2. d4 Nf6 3. g3 Bf5 4. Bg2 e6 5. c4 c6 6. Qb3 Qb6 7. O-O Qxb3 8. axb3 Bc2 9. Nfd2 Bb4 10. Na3 Bg6 11. Nf3 Nbd7 12. Bd2 Bxd2 13. Nxd2 O-O 14. Nab1 Nb6 15. Nc3 Rfd8 16. c5 Nbd7 17. b4 e5 18. dxe5 Nxe5 19. b5 a6 20. bxa6 bxa6 21. Ra3 Rdb8 22. Na4 Ned7 23. Rfa1 Bc2 24. b3 Bg6 25. h3 h6 26. g4 Re8 27. Kf1 Rab8 28. Rc1 Rb5 29. Raa1 a5 30. Ra3 h5 31. g5 Ne4 32. Nxe4 Bxe4 33. Bxe4 dxe4 34. h4 Re5 35. Rc4 e3 36. f4 Rf5 37. Kg2 Rb4 38. Kf3 Ne5+ 39. Ke4 Nxc4 40. bxc4 Rd5 41. Kxe3 Rd1 42. Nb6 Rh1 43. Rxa5 Rxh4 44. Nd7 f6 45. g6 Rh3+ 46. Kf2 1-0

[Event "WYCC 2018 G18"]
[Site "Halkidiki"]
[Date "2018.10.28"]
[Round "9"]
[White "Booysen, Elda"]
[Black "Abeysinghe, H M H Janandani"]
[Result "0-1"]
[ECO "B70"]
[WhiteElo "1452"]
[BlackElo "1698"]
[Annotator "NA"]
[PlyCount "120"]
[EventDate "2018.10.20"]
[EventType "swiss"]
[EventCountry "GRE"]
[SourceTitle "playchess.com"]
[Source "ChessBase"]
[SourceQuality "1"]
[TimeControl "40/5400+30:1800+30"]

1. e4 c5 2. Nf3 d6 3. d4 cxd4 4. Nxd4 Nf6 5. Nc3 g6 6. Be2 Bg7 7. O-O O-O 8. Be3 Nc6 9. f3 Qb6 10. a3 Ng4 11. fxg4 Bxd4 12. Bxd4 Qxd4+ 13. Kh1 Be6 14. Qc1 Ne5 15. h3 Rac8 16. Qg5 f6 17. Qf4 g5 18. Qg3 Qd2 19. Rf2 Qd4 20. Rd1 Qb6 21. Na4 Qa5 22. Nc3 a6 23. h4 h6 24. hxg5 hxg5 25. Nd5 Bxd5 26. exd5 Rxc2 27. Bd3 Rxf2 28. Qxf2 Kg7 29. Bf5 Rh8+ 30. Kg1 Qa4 31. Rd4 Qb3 32. Rd2 Qc4 33. Qd4 Qb3 34. Qc3 Qxc3 35. bxc3 Nc4 36. Re2 Kf8 37. a4 Nb6 38. Be6 Nxa4 39. c4 Nc5 40. Bf5 Kf7 41. g3 b5 42. cxb5 axb5 43. Rb2 Rb8 44. Rh2 Rb7 45. Bc8 Rc7 46. Bf5 b4 47. Rh7+ Kg8 48. Rh2 b3 49. Rb2 Ra7 50. Bb1 Ra4 51. Kf2 Rxg4 52. Kf3 Rb4 53. Re2 Rb7 54. Kg4 Na4 55. Kf5 Nc3 56. Rh2 Nxb1 57. Kg6 Na3 58. Rh7 b2 59. Rg7+ Kf8 60. Rh7 Ke8 0-1

[Event "WYCC 2018 G18"]
[Site "Halkidiki"]
[Date "2018.10.29"]
[Round "10"]
[White "Sargsyan, Anna M."]
[Black "Antolak, Julia"]
[Result "0-1"]
[ECO "A46"]
[WhiteElo "2331"]
[BlackElo "2240"]
[Annotator "NA"]
[PlyCount "40"]
[EventDate "2018.10.20"]
[EventType "swiss"]
[EventCountry "GRE"]
[SourceTitle "playchess.com"]
[Source "ChessBase"]
[SourceQuality "1"]
[TimeControl "40/5400+30:1800+30"]

1. d4 Nf6 2. Nf3 e6 3. e3 b6 4. Bd3 Bb7 5. O-O Be7 6. c4 c5 7. Nc3 cxd4 8. exd4 d5 9. cxd5 Nxd5 10. Ne5 O-O 11. Qh5 g6 12. Qe2 Nc6 13. Bh6 Nxd4 14. Qe4 Bc5 15. Bxf8 f5 16. Qe1 $19 (16. Be7 $1 $15 fxe4 17. Bxd8 exd3 18. Bg5) 16... Nf4 17. Bh6 Nxg2 18. Qc1 Qc7 19. Nb5 Qxe5 20. Nxd4 Bxd4 0-1

[Event "WYCC 2018 G18"]
[Site "Halkidiki"]
[Date "2018.10.29"]
[Round "10"]
[White "Garcia Martin, Marta"]
[Black "Injac, Teodora"]
[Result "1/2-1/2"]
[ECO "B90"]
[WhiteElo "2329"]
[BlackElo "2258"]
[Annotator "NA"]
[PlyCount "113"]
[EventDate "2018.10.20"]
[EventType "swiss"]
[EventCountry "GRE"]
[SourceTitle "playchess.com"]
[Source "ChessBase"]
[SourceQuality "1"]
[TimeControl "40/5400+30:1800+30"]

1. e4 c5 2. Nf3 d6 3. d4 cxd4 4. Nxd4 Nf6 5. Nc3 a6 6. f3 e5 7. Nb3 Be7 8. Be3 Be6 9. Qd2 Nbd7 10. g4 O-O 11. O-O-O b5 12. g5 Nh5 13. Kb1 $146 {[%emt 0:00:31] B90: Sicilian Najdorf: Unusual White 6th moves, 6 Be3 Ng4 and 6 Be3 e5} (13. Nd5 Bxd5 14. exd5 f6 15. gxf6 Bxf6 16. Kb1 Nf4 17. Na5 Nb6 18. Nc6 Qc7 19. Bxf4 exf4 20. c3 Rae8 21. Rg1 {½-½ (88) So,W (2776)-Wojtaszek,R (2727) Batumi 2018}) 13... Nb6 14. Nd5 Nxd5 15. exd5 Bd7 16. Na5 Qc7 17. Bd3 Rab8 18. Rhe1 b4 19. Nc6 Bxc6 20. dxc6 d5 21. Bf5 d4 22. Bf2 Nf4 23. Bxd4 exd4 24. Rxe7 Qxe7 25. Qxf4 g6 26. c7 Rbe8 27. c8=Q Rxc8 28. Bxc8 Rxc8 29. Rxd4 Qe2 30. Qd2 Qxf3 31. b3 a5 32. Rd5 Ra8 33. Kb2 Qe4 34. a3 Qe7 35. a4 Qc7 36. h4 Re8 37. Qd4 Rc8 38. Qc4 Qb8 39. Qd3 Qc7 40. Kb1 Qb6 41. Qe4 Qc7 42. Qd3 Qb6 43. Kb2 Qc7 44. Rb5 Qa7 45. Rd5 Qc7 46. Rd6 Qc5 47. Rd5 Qc7 48. Qd2 Qb6 49. Qe2 Qc7 50. Rd3 Qc5 51. Kb1 Qc6 $11 52. Rd1 Qc5 53. Rf1 Qc6 54. Qf2 Qc7 55. Re1 Qd6 56. Rf1 Qc7 57. Re1 1/2-1/2

[Event "WYCC 2018 G18"]
[Site "Halkidiki"]
[Date "2018.10.29"]
[Round "10"]
[White "Kiolbasa, Oliwia"]
[Black "Janiashvili, Mariami"]
[Result "1/2-1/2"]
[ECO "C18"]
[WhiteElo "2254"]
[BlackElo "2081"]
[Annotator "NA"]
[PlyCount "68"]
[EventDate "2018.10.20"]
[EventType "swiss"]
[EventCountry "GRE"]
[SourceTitle "playchess.com"]
[Source "ChessBase"]
[SourceQuality "1"]
[TimeControl "40/5400+30:1800+30"]

1. e4 e6 2. d4 d5 3. Nc3 Bb4 4. e5 c5 5. a3 Bxc3+ 6. bxc3 Ne7 7. h4 Qc7 8. Nf3 b6 9. h5 h6 10. Bb5+ Bd7 11. Bd3 Ba4 {[%emt 0:00:06] C19: Französische Verteidigung (Nimzowitsch-Variante)} 12. Rh4 (12. Bd2 Nd7 13. O-O a6 14. Re1 Bb5 15. Bxb5 axb5 16. Qe2 O-O 17. Qxb5 Ra5 18. Qe2 Ra4 19. g4 Rfa8 20. Bc1 cxd4 21. cxd4 {0-1 (40) Hansen,E (2616)-So,W (2822) chess.com INT 2017}) 12... cxd4 13. cxd4 Qc3+ 14. Bd2 Qxd3 15. cxd3 Bxd1 16. Kxd1 Nbc6 17. Rf4 $146 ({Vorgänger:} 17. Rg4 Nf5 18. Rc1 Kd7 19. Rf4 {½-½ (58) Nitin,S (2365)-Martinovic,S (2521) Chennai 2011}) 17... Rc8 18. Rb1 g5 19. hxg6 $11 Nxg6 20. Rg4 Kd7 21. a4 Rcg8 22. Ke2 h5 23. Rg3 Nge7 24. Rxg8 Rxg8 25. g3 Nf5 26. Bc3 Rg4 27. a5 Kc7 28. axb6+ axb6 29. Rh1 Ng7 30. Rb1 Rg6 31. Nh4 Rg4 32. Nf3 Rg6 33. Nh4 Rh6 34. Ke3 Rh8 1/2-1/2

[Event "WYCC 2018 G18"]
[Site "Halkidiki"]
[Date "2018.10.29"]
[Round "10"]
[White "Afonasieva, Anna"]
[Black "Dimitrova, Aleksandra"]
[Result "0-1"]
[ECO "E16"]
[WhiteElo "2245"]
[BlackElo "2228"]
[Annotator "NA"]
[PlyCount "96"]
[EventDate "2018.10.20"]
[EventType "swiss"]
[EventCountry "GRE"]
[SourceTitle "playchess.com"]
[Source "ChessBase"]
[SourceQuality "1"]
[TimeControl "40/5400+30:1800+30"]

1. d4 Nf6 2. Nf3 e6 3. c4 b6 4. g3 Bb7 5. Bg2 Bb4+ 6. Bd2 a5 7. O-O O-O 8. Bf4 Be7 9. Nc3 Ne4 10. Qc2 Nxc3 11. bxc3 d6 12. c5 (12. Ng5 $14 Bxg5 13. Bxb7) 12... Qc8 13. cxd6 cxd6 14. Qb3 Nd7 15. c4 Be4 16. Nd2 Bxg2 $11 17. Kxg2 a4 18. Qf3 g5 19. Be3 f5 20. Kh1 Kh8 21. Qg2 f4 22. gxf4 gxf4 23. Rg1 Bf6 24. Ne4 Qb7 25. Nxf6 Qxg2+ 26. Rxg2 Rxf6 27. Bd2 Rc8 28. Rag1 Rf7 29. Bb4 d5 30. c5 bxc5 31. dxc5 h6 32. Rg6 Kh7 33. Bc3 d4 34. Bxd4 e5 35. Ba1 Rxc5 36. Ra6 Rc2 37. Rxa4 Rxe2 38. Ra7 Rxf2 39. Rd1 Kg6 40. Bc3 f3 41. a4 Rc2 42. Be1 e4 43. Bh4 e3 44. Ra6+ Kf5 45. Rxh6 f2 46. Rhd6 Ne5 47. Rb1 Ke4 48. Rb4+ Rc4 0-1

[Event "WYCC 2018 G18"]
[Site "Halkidiki"]
[Date "2018.10.29"]
[Round "10"]
[White "Chitlange Sakshi"]
[Black "Sevilla, Julia"]
[Result "1-0"]
[ECO "D70"]
[WhiteElo "2237"]
[BlackElo "1947"]
[Annotator "NA"]
[PlyCount "151"]
[EventDate "2018.10.20"]
[EventType "swiss"]
[EventCountry "GRE"]
[SourceTitle "playchess.com"]
[Source "ChessBase"]
[SourceQuality "1"]
[TimeControl "40/5400+30:1800+30"]

1. d4 d5 2. c4 c6 3. Nf3 Nf6 4. Nbd2 e6 5. g3 {[%emt 0:00:01] LiveBook: 467 Games} Nbd7 6. Bg2 Bd6 7. O-O O-O 8. Qc2 Qe7 9. e4 dxe4 10. Nxe4 Nxe4 11. Qxe4 f5 {[%emt 0:10:04] E01: Catalan: Early deviations} (11... Re8 12. Bf4 Nf6 13. Bxd6 Nxe4 14. Bxe7 Rxe7 15. Rfe1 Nd6 16. b3 f6 17. Re2 Bd7 18. Rae1 Kf7 19. h4 Ree8 {½-½ (19) Leitao,R (2622)-Rodriguez Vila,A (2505) Cuiaba 2011}) 12. Qe2 e5 13. Bg5 Qe8 14. Nxe5 Nxe5 15. dxe5 Qxe5 16. Qd2 Be7 17. Bf4 Qf6 $146 ({Predecessor:} 17... Qc5 18. Rfe1 Rd8 19. Qc3 Kf7 20. Be5 Bf8 21. Re2 Be6 22. b3 Re8 23. Bd4 Qa3 24. Qc2 {½-½ (24) Seibicke,R (2183)-Hollstein,F (2201) Germany 2006}) 18. Rfe1 Re8 19. Bg5 Qf8 20. Qe2 Kf7 21. Qh5+ Kg8 22. Rad1 Qf7 23. Qe2 Be6 24. Bxe7 Rxe7 25. Qe5 Rae8 26. Qc5 h6 27. b3 f4 28. Re4 Bf5 29. Rxe7 Rxe7 30. Bf3 Kh7 31. Qd4 Bc2 32. Rf1 Rd7 33. Qxf4 Qxf4 34. gxf4 Rd4 35. Re1 Rxf4 36. Kg2 Rf7 37. Re5 g6 38. Kg3 Kg7 39. c5 Kf6 40. Re8 Re7 41. Ra8 a6 42. Rh8 h5 43. h4 Ke5 44. Rd8 Bf5 45. Bg2 Rd7 46. Rxd7 Bxd7 47. Kf3 Kd4 48. Kf4 Kxc5 49. Be4 Kd6 50. Bxg6 Ke7 51. Bxh5 Kf6 52. b4 b6 53. a3 Bf5 54. Bf3 c5 55. bxc5 bxc5 56. Be4 Be6 57. h5 Kg7 58. Kg5 Bg8 59. h6+ Kh8 60. Kf4 a5 61. Ke3 Bc4 62. Bg6 a4 63. f4 Ba2 64. Kd2 Bd5 65. Kc3 Ba2 66. f5 Bb1 67. Kc4 Be4 68. Kxc5 Bd3 69. Kd4 Bb1 70. Ke5 Bc2 71. Kf6 Bb3 72. Kg5 Bc2 73. f6 Bb3 74. f7 Bxf7 75. Bxf7 Kh7 76. Be8 1-0

[Event "WYCC 2018 G18"]
[Site "Halkidiki"]
[Date "2018.10.29"]
[Round "10"]
[White "Hrescak, Ivana"]
[Black "Buchta, Agnieszka"]
[Result "0-1"]
[ECO "E32"]
[WhiteElo "2173"]
[BlackElo "1879"]
[Annotator "NA"]
[PlyCount "74"]
[EventDate "2018.10.20"]
[EventType "swiss"]
[EventCountry "GRE"]
[SourceTitle "playchess.com"]
[Source "ChessBase"]
[SourceQuality "1"]
[TimeControl "40/5400+30:1800+30"]

1. d4 Nf6 2. c4 e6 3. Nc3 Bb4 4. Qc2 b6 5. a3 Bxc3+ 6. Qxc3 d6 7. Bg5 Bb7 8. f3 h6 9. Bh4 Qe7 10. e3 O-O 11. Bd3 a5 12. Ne2 a4 13. O-O e5 14. Rfe1 g5 15. Bg3 e4 16. fxe4 Bxe4 17. Rf1 Nbd7 18. Rae1 Rae8 19. Bxe4 Qxe4 20. Bf2 Qg6 21. Qb4 Ng4 22. Qxa4 Ndf6 23. Ng3 h5 24. h3 h4 25. Nh1 Nh6 26. Qc6 Ne4 27. Re2 g4 28. hxg4 Qxg4 29. Rc2 h3 30. Be1 Nf5 31. Rf3 Kg7 32. Qd5 h2+ 33. Kxh2 Rh8+ 34. Kg1 Qh5 35. Rh3 Qd1 36. Qxf5 Rxh3 37. Qg4+ Qxg4 0-1

[Event "WYCC 2018 G18"]
[Site "Halkidiki"]
[Date "2018.10.29"]
[Round "10"]
[White "Gajcin, Marina"]
[Black "Martynkova, Olena"]
[Result "1/2-1/2"]
[ECO "C77"]
[WhiteElo "2153"]
[BlackElo "2188"]
[Annotator "NA"]
[PlyCount "67"]
[EventDate "2018.10.20"]
[EventType "swiss"]
[EventCountry "GRE"]
[SourceTitle "playchess.com"]
[Source "ChessBase"]
[SourceQuality "1"]
[TimeControl "40/5400+30:1800+30"]

1. e4 e5 2. Nf3 Nc6 3. Bb5 a6 4. Ba4 Nf6 5. d3 d6 6. c3 g6 7. d4 Bd7 $11 ({Of course not} 7... Nxe4 $6 8. d5 $18) 8. O-O Bg7 9. Nbd2 O-O 10. Bc2 Nh5 11. dxe5 dxe5 12. Nb3 b6 13. Bg5 Qc8 14. a4 a5 15. Nbd2 h6 16. Be3 Be6 17. Bb3 Rd8 18. Bxe6 Qxe6 19. Qe2 Nf6 20. h3 Rd7 21. Rfe1 Rad8 22. Qc4 Qxc4 23. Nxc4 Nxe4 24. Bxh6 Bxh6 25. Rxe4 f5 26. Ree1 e4 27. Nh4 Kg7 28. g4 Bg5 29. Ng2 Rh8 30. gxf5 gxf5 31. Rad1 Rxd1 32. Rxd1 Rd8 33. Rxd8 Nxd8 34. Nge3 1/2-1/2

[Event "WYCC 2018 G18"]
[Site "Halkidiki"]
[Date "2018.10.29"]
[Round "10"]
[White "Arpita, Mukherjee"]
[Black "Avramidou, Anastasia"]
[Result "1-0"]
[ECO "B32"]
[WhiteElo "2147"]
[BlackElo "2285"]
[Annotator "NA"]
[PlyCount "127"]
[EventDate "2018.10.20"]
[EventType "swiss"]
[EventCountry "GRE"]
[SourceTitle "playchess.com"]
[Source "ChessBase"]
[SourceQuality "1"]
[TimeControl "40/5400+30:1800+30"]

1. e4 c5 2. Nf3 Nc6 3. d4 cxd4 4. Nxd4 Qb6 5. Nb3 Nf6 6. Nc3 e6 7. Be3 Qc7 8. a3 a6 9. Be2 Be7 {[%emt 0:00:18] B33: Sicilian: Pelikan and Sveshnikov Variations} 10. f4 d6 11. O-O O-O 12. Qe1 Re8 (12... b5 13. Nd4 Bb7 14. Qg3 Kh8 15. Nxc6 Bxc6 16. Bd4 Rad8 17. Bf3 Rg8 18. Rad1 {0-1 (40) Plat,V (2522)-Movsesian,S (2680) Minsk 2017}) 13. Qg3 b5 14. Rad1 Bb7 15. f5 $146 ({Predecessor:} 15. Kh1 Nd7 16. f5 Nce5 17. fxe6 fxe6 18. Bh5 {0-1 (85) Medvedovski,M (1980)-Sabirov,R (2067) Osnabrueck 2015}) 15... Kh8 16. Qh3 b4 17. axb4 Nxb4 18. fxe6 fxe6 19. Nd4 e5 20. Ne6 Qc8 21. Bg4 Nxg4 22. Qxg4 Bg5 23. Bxg5 $18 Rxe6 24. Rf7 Re8 25. Qxc8 Bxc8 26. Rxd6 Nxc2 27. Re7 Bg4 28. Rxa6 Rab8 29. Rb6 Ra8 30. Rxe8+ Rxe8 31. h3 Bh5 32. b4 Kg8 33. b5 Nd4 34. Rd6 Rb8 35. b6 Ne2+ 36. Nxe2 Bxe2 37. Bd8 Ba6 38. Bc7 Rf8 39. Rd7 Rf7 40. Rd1 Rf8 41. Ra1 Bb7 42. Ra7 Bxe4 43. b7 Bxb7 44. Rxb7 Rf5 45. Rb5 h6 46. Rxe5 Rf7 47. Re8+ Kh7 48. Be5 Rd7 49. Kh2 Rb7 50. Kg3 Ra7 51. Rc8 Ra5 52. Kf4 Ra2 53. g3 Rf2+ 54. Ke3 Rf5 55. Ke4 Rf1 56. Rc7 h5 57. Rxg7+ Kh6 58. Rg8 Kh7 59. Rg5 Kh6 60. Bf4 Rf2 61. Kf5 Ra2 62. Rg6+ Kh7 63. Rh6+ Kg7 64. Rxh5 1-0